[Event "Live Chess"]
[Site "Chess.com"]
[Date "2024.06.02"]
[Round "-"]
[White "Frankie_Badacsonyi"]
[Black "wadsy27"]
[Result "1/2-1/2"]
[WhiteElo "2411"]
[BlackElo "2584"]
[TimeControl "300"]
[EndTime "17:46:52 PDT"]
[Termination "Game drawn by repetition"]

1. d4 Nf6 2. c4 c5 3. d5 e6 4. Nc3 exd5 5. cxd5 d6 6. Nf3 g6 7. Bf4 a6 8. a4 Bg7 9. e3 O-O 10.
h3 Ne8 11. Be2 Qe7 12. O-O Nd7 13. Nd2 Nc7 14. Nc4 Ne5 15. Nb6 Rb8 16. Nxc8 Rfxc8 17. a5 b5 18. axb6 Rxb6 19. Qc2 Rcb8 20. Ra2 Nb5 21.
Rfa1 Nxc3 22. bxc3 c4 23. Rxa6 Rb2 24. Qd1 h5 25.
Ra8 Rxa8 26. Rxa8+ Kh7 27. Ra1 Qb7 28. Bxe5 Bxe5 29.
Bxc4 Bxc3 30. Rc1 Bd2 31. Ra1 Bc3 32. Rc1 Be5 33. Bd3 Kg7 34. Rb1 Rxb1 35. Bxb1 Qb2 36. Qc2 Qb4 37. Qd1 Qc3 38. g3 h4 39. g4 Bf6 40.
Be4 Qe5 41. Bf3 Qb2 42. Kg2 Be5 43. Qe2 Qc1 44. Be4 Qa1 45. Bf3 Qc1 46. Be4 Qc5 47.
Bf3 Bf6 48. Be4 Qb4 49. Bf3 Qa4 50. Qd3 Be5 51. Qe2 f5 52. gxf5 gxf5 53. Qd3 Kf6 54.
Qb1 Qa7 55. Qb5 Qg7+ 56. Kf1 Qf7 57. Qb8 Kg7 58. Qd8 Qf6 59. Qxf6+ Kxf6 60. Ke2 f4 61. e4 Bd4 62. Bg2 Ke5 63. f3 Be3 64. Kd3 Bc5 65.
Kc4 Bd4 66. Bf1 Bc5 67. Bd3 Bd4 68. Be2 Bc5 69. Bd3 Bd4 70. Be2 Bc5 71. Bd3 1/2-1/2

[Event "Live Chess"]
[Site "Chess.com"]
[Date "2024.06.02"]
[Round "-"]
[White "CarmelJane"]
[Black "nigelst"]
[Result "0-1"]
[WhiteElo "2065"]
[BlackElo "1730"]
[TimeControl "300"]
[EndTime "17:47:00 PDT"]
[Termination "nigelst won by resignation"]

1. d4 Nf6 2. Nc3 d5 3. Bf4 c6 4. e3 Bf5 5. Nf3 e6 6. Ne5 Nbd7 7. h3 Ne4 8. g4 Bg6 9. Nxg6 hxg6 10. Nxe4 dxe4 11. Bg2 Be7 12. Bxe4 O-O 13. Bg3 Nf6 14.
Bd3 Bd6 15. Bxd6 Qxd6 16. Qf3 Qb4+ 17. Ke2 Qxb2 18. Rab1 Qxa2 19. Rxb7 Nd5 20. Kf1 Rab8 21. Rxb8 Rxb8 22. Kg2 Nb4 23. Be4 Nxc2 24. Bxc6 Rb3 25. Be8 Nxe3+ 26. Kh2 Nf1+ 0-1

[Event "Live Chess"]
[Site "Chess.com"]
[Date "2024.06.02"]
[Round "-"]
[White "oscalik"]
[Black "MagnersCarlsberg2870"]
[Result "1-0"]
[WhiteElo "2283"]
[BlackElo "1747"]
[TimeControl "300"]
[EndTime "17:47:09 PDT"]
[Termination "oscalik won by resignation"]

1. e4 c5 2. Nc3 a6 3. a4 g6 4. f4 Bg7 5. Nf3 Nc6 6. Bc4 e6 7. f5 Ne5 8. Nxe5 Bxe5 9. O-O Bd4+ 10. Kh1 Nf6 11. d3 h5 12. fxg6 Ng4 13. gxf7+ Kf8 14. Qf3 Qc7 15. Bf4 Be5 16. h3 Bxf4 17. Qxf4 e5 18. Qg5 1-0

[Event "Live Chess"]
[Site "Chess.com"]
[Date "2024.06.02"]
[Round "-"]
[White "Crowded_House"]
[Black "WelshTiger"]
[Result "0-1"]
[WhiteElo "1724"]
[BlackElo "2455"]
[TimeControl "300"]
[EndTime "17:47:11 PDT"]
[Termination "WelshTiger won by checkmate"]

1. d4 d5 2. Bg5 Nf6 3. e3 Ne4 4. Bh4 c5 5. dxc5 Qa5+ 6. c3 Qxc5 7. Nd2 Nxd2 8. Qxd2 Nc6 9. Nf3 e5 10. Be2 Be6 11. O-O f6 12. Rfd1 Be7 13. Bg3 O-O 14. Ne1 Rfd8 15. Nd3 Qb6 16. Qc2 Rac8 17. Qb3 Qxb3 18.
axb3 a6 19. b4 Na7 20. h3 Kf7 21.
Ra5 Nb5 22. Raa1 Nd6 23. Nc5 Rc7 24. Nxe6 Kxe6 25. Rd2 Ne4 26. Rd3 Nxg3 27. fxg3 f5 28. Ra5 e4 29. Rd4 Bf6 30. Rd2 Be5 31. g4 f4 32.
exf4 Bxf4 33. Rd1 Rf7 34. Rf1 Be3+ 35. Kh1 Rxf1+ 36. Bxf1 Rf8 37. Bxa6 bxa6 38. Rxa6+ Ke5 39. Ra7 Rf1+ 40. Kh2 Bf4+ 41. g3 Rf2+ 42. Kg1 Bxg3 43.
Rxg7 e3 44. Re7+ Kf4 45. Rf7+ Ke4 46. Rxf2 Bxf2+ 47. Kf1 Kd3 48. b5 Bg3 49. b6 e2+ 50. Kg2 Bb8 51. Kf3 e1=Q 52. b4 Qe3+ 53. Kg2 Qg3+ 54.
Kf1 Ke3 55. c4 dxc4 56. b5 c3 57. b7 c2 58. g5 c1=R# 0-1

[Event "Live Chess"]
[Site "Chess.com"]
[Date "2024.06.02"]
[Round "-"]
[White "PaulyD81"]
[Black "Thebigsqueeze"]
[Result "0-1"]
[WhiteElo "980"]
[BlackElo "2272"]
[TimeControl "300"]
[EndTime "17:47:53 PDT"]
[Termination "Thebigsqueeze won by resignation"]

1. d4 Nf6 2. Bf4 d6 3. e3 Nc6 4.
Nf3 g6 5. Nbd2 Bg7 6. Bd3 O-O 7. O-O Nh5 8. Bg3 Nxg3 9. hxg3 e6 10. c3 e5 11.
dxe5 dxe5 12. a3 Bg4 13. Qb3 Qxd3 14. Qxb7 Qd5 15. c4 Qd7 16. Ne4 Rfb8 17. Rad1 Qxd1 18.
Qxb8+ Rxb8 19. Rxd1 f5 20. Nc5 e4 0-1

[Event "Live Chess"]
[Site "Chess.com"]
[Date "2024.06.02"]
[Round "-"]
[White "Plato_77"]
[Black "StoreySniper"]
[Result "0-1"]
[WhiteElo "1301"]
[BlackElo "2525"]
[TimeControl "300"]
[EndTime "17:48:10 PDT"]
[Termination "StoreySniper won by resignation"]

1. d4 g6 2. Nf3 Bg7 3. Bf4 c5 4. e3 Qb6 5. b3 Nf6 6. Nbd2 Nd5 7. dxc5 Qxc5 8. Ne4 Qb4+ 9. c3 Qxe4 10. Bd3 Bxc3+ 11. Ke2 Nxf4+ 12. Kf1 Nxd3 0-1

[Event "Live Chess"]
[Site "Chess.com"]
[Date "2024.06.02"]
[Round "-"]
[White "PughmanChess"]
[Black "gobbles19"]
[Result "0-1"]
[WhiteElo "1384"]
[BlackElo "2259"]
[TimeControl "300"]
[EndTime "17:48:25 PDT"]
[Termination "gobbles19 won by resignation"]

1. e4 Nf6 2. e5 Nd5 3. Nf3 d6 4.
exd6 cxd6 5. d4 g6 6. Bc4 Nb6 7. Bb3 Bg7 8. c3 O-O 9. O-O a5 10. a3 a4 11. Ba2 Nc6 12. Nbd2 e5 13. d5 Ne7 14. Ne4 Bg4 15. c4 Nf5 16. h3 Bxf3 17. Qxf3 Nd4 18. Qg3 Ne2+ 19. Kh2 Nxg3 20. Nxg3 Rc8 0-1

[Event "Live Chess"]
[Site "Chess.com"]
[Date "2024.06.02"]
[Round "-"]
[White "lyricalschemes"]
[Black "Tushinskiy"]
[Result "0-1"]
[WhiteElo "2279"]
[BlackElo "2243"]
[TimeControl "300"]
[EndTime "17:48:56 PDT"]
[Termination "Tushinskiy won by resignation"]

1. e4 e5 2. Nc3 d6 3. d4 Nc6 4. dxe5 dxe5 5. Qxd8+ Nxd8 6. Nf3 Bd6 7. Nb5 Nf6 8.
Nxd6+ cxd6 9. Bd3 Bg4 10. Nd2 Ne6 11. f3 Bh5 12. Nb3 O-O-O 13. Be3 Kb8 14. O-O-O Bg6 15. h4 h5 16. g3 Rd7 17. Bc4 Nc7 18. Kb1 Rc8 19. c3 d5 20. Nc5 Rdd8 21. Bd3 b6 22. Na6+ Nxa6 23. Bxa6 dxe4 24. Bxc8 exf3+ 25. Kc1 Rxd1+ 26. Kxd1 Kxc8 27. Rf1 e4 28. Kd2 Ng4 29. Bf4 f6 30. b4 Bf7 31. a4 Bc4 0-1

[Event "Live Chess"]
[Site "Chess.com"]
[Date "2024.06.02"]
[Round "-"]
[White "NeilDruggan73"]
[Black "mychess51"]
[Result "1-0"]
[WhiteElo "1771"]
[BlackElo "1678"]
[TimeControl "300"]
[EndTime "17:49:09 PDT"]
[Termination "NeilDruggan73 won by resignation"]

1. d4 e6 2. Nf3 d5 3. Bg5 Nf6 4. Bxf6 Be7 5. Bxe7 Qxe7 6. e3 O-O 7. Nbd2 c5 8. dxc5 Qxc5 9. Nb3 Qc7 10. Be2 Nc6 11. O-O Bd7 12. c3 b6 13. Bb5 Rac8 14. Nbd4 Nxd4 15. Nxd4 Bxb5 16. Nxb5 Qb7 17. a4 a6 18. Nd4 e5 19. Nf3 Qe7 20. Qb3 Qe6 21. e4 Rc4 22. exd5 Qxd5 23. Rad1 Qc6 24. Nxe5 1-0

[Event "Live Chess"]
[Site "Chess.com"]
[Date "2024.06.02"]
[Round "-"]
[White "MagnersCarlsberg2870"]
[Black "Crowded_House"]
[Result "1-0"]
[WhiteElo "1754"]
[BlackElo "1717"]
[TimeControl "300"]
[EndTime "17:49:59 PDT"]
[Termination "MagnersCarlsberg2870 won by checkmate"]

1. d4 e6 2. Nf3 d5 3. e3 c5 4. c3 Nc6 5. Bd3 Qb6 6. Nbd2 Bd7 7. Qe2 Nge7 8. O-O Ng6 9. g3 Bd6 10. e4 O-O 11. e5 Be7 12. h4 cxd4 13. h5 Nh8 14. Nb3 dxc3 15. bxc3 Na5 16. Bg5 Bxg5 17. Nxg5 h6 18. Bh7# 1-0

[Event "Live Chess"]
[Site "Chess.com"]
[Date "2024.06.02"]
[Round "-"]
[White "educatedlad"]
[Black "CarmelJane"]
[Result "0-1"]
[WhiteElo "1736"]
[BlackElo "2067"]
[TimeControl "300"]
[EndTime "17:50:09 PDT"]
[Termination "CarmelJane won by checkmate"]

1. d4 Nf6 2. Bg5 e6 3. e4 h6 4. Bxf6 Qxf6 5. Nc3 d6 6. Qd2 b6 7. O-O-O Bb7 8. e5 Qd8 9. Bb5+ Nd7 10. Nf3 a6 11.
Bxd7+ Qxd7 12. exd6 cxd6 13. Rhe1 Be7 14. d5 e5 15. Qe3 O-O 16. Qxb6 Rfb8 17. Qe3 a5 18. Nd2 Bg5 19. Qg3 a4 20. Kb1 a3 21. Nb3 axb2 22.
Kxb2 Ba6 23. Ne4 Qa4 24. h4 Bf4 25. Qg4 Bc4 26. Nc3 Qa3+ 27. Kb1 Bxb3 28. cxb3 Rxb3+ 29. axb3 Qxb3# 0-1

[Event "Live Chess"]
[Site "Chess.com"]
[Date "2024.06.02"]
[Round "-"]
[White "Dhaydon19"]
[Black "LanceMaster23"]
[Result "1-0"]
[WhiteElo "2680"]
[BlackElo "1854"]
[TimeControl "300"]
[EndTime "17:50:51 PDT"]
[Termination "Dhaydon19 won by resignation"]

1. d4 Nf6 2. Nf3 d5 3. c4 c6 4.
e3 Bf5 5. Bd3 Bg6 6. Nc3 e6 7. Qe2 Be7 8. O-O Nbd7 9. Bd2 O-O 10.
Rad1 Re8 11. Rfe1 Qc7 12. Rc1 a6 13. b3 dxc4 14. bxc4 Rad8 15. Bxg6 hxg6 16. Na4 e5 17. d5 Nc5 18. Nxc5 Bxc5 19. e4 Ng4 20. Rf1 Qe7 21.
h3 Nxf2 22. Rxf2 Bxf2+ 23. Qxf2 f6 24. Nh4 Qf7 25. Qg3 g5 26. Nf5 Qd7 27. h4 g6 28.
Nh6+ Kg7 29. hxg5 f5 30. exf5 gxf5 31. Bc3 Qd6 32. Nxf5+ 1-0

[Event "Live Chess"]
[Site "Chess.com"]
[Date "2024.06.02"]
[Round "-"]
[White "ShanthamGrarks"]
[Black "TheSmoulderingMaster"]
[Result "1-0"]
[WhiteElo "1866"]
[BlackElo "1763"]
[TimeControl "300"]
[EndTime "17:51:01 PDT"]
[Termination "ShanthamGrarks won by resignation"]

1. d4 Nf6 2. Nc3 d6 3. e4 g6 4. Bg5 Bg7 5. Nf3 O-O 6. h4 c6 7. Be2 Qa5 8. Qd2 Nbd7 9. h5 e5 10. hxg6 fxg6 11. O-O-O exd4 12. Nxd4 Ne5 13. Nb3 Qc7 14.
f4 Neg4 15. Bc4+ d5 16. exd5 cxd5 17. Bxf6 Nxf6 18. Nxd5 Nxd5 19. Bxd5+ Kh8 20. f5 Rxf5 21. g4 Qe5 22. c4 Rf4 23. Rde1 Qg5 24. Re8+ Bf8 25.
Rxf8+ 1-0

[Event "Live Chess"]
[Site "Chess.com"]
[Date "2024.06.02"]
[Round "-"]
[White "grillage"]
[Black "e4evr"]
[Result "0-1"]
[WhiteElo "1859"]
[BlackElo "2268"]
[TimeControl "300"]
[EndTime "17:51:20 PDT"]
[Termination "e4evr won by resignation"]

1. d4 c5 2. d5 e5 3. Nc3 Bd6 4. e4 Bc7 5. d6 Ba5 6. Nf3 Nc6 7. Bb5 Qf6 8. O-O Bxc3 9. bxc3 h6 10. Be3 g5 11.
Bxc5 g4 12. Nd2 h5 13. Nc4 Nh6 14. Ne3 Qg6 15. Nd5 Kf8 16. Qe2 h4 17. Bxc6 bxc6 18. Ne7 Qe6 19. Rad1 a5 20. Be3 Ba6 21. Qd2 Bxf1 22.
Bxh6+ Qxh6 23. Kxf1 Qxd2 24. Rxd2 Rb8 25. Rd1 Rb2 26.
Ke1 h3 27. gxh3 Rxh3 28. Kd2 Rxh2 29. Rg1 Rxf2+ 30. Kd3 Rf4 31. Rh1 g3 32. Rg1 Rg4 33. Ke3 g2 34. Kf3 Rg5 35. Rxg2 Rxg2 36. Kxg2 Rxc2+ 37.
Kf3 Rxc3+ 38. Kg4 Rd3 39. Nc8 c5 40. Kf5 c4 41. Kxe5 c3 42. Nb6 c2 43. Nxd7+ Kg7 44. Nc5 Rxd6 45. Nb3 Rd1 0-1

[Event "Live Chess"]
[Site "Chess.com"]
[Date "2024.06.02"]
[Round "-"]
[White "CheckThis4"]
[Black "RichardABates"]
[Result "0-1"]
[WhiteElo "2692"]
[BlackElo "2368"]
[TimeControl "300"]
[EndTime "17:53:23 PDT"]
[Termination "RichardABates won on time"]

1. d4 Nf6 2. Bg5 d5 3. e3 Ne4 4. Bf4 c5 5. Bd3 Nc6 6. Bxe4 dxe4 7. d5 e5 8. Bg3 Nb4 9. Nc3 f6 10. a3 Na6 11. Nxe4 c4 12. Ne2 Nc5 13. N2c3 Bf5 14.
Qf3 Qd7 15. h3 h5 16. O-O-O h4 17. Bh2 Nxe4 18. Nxe4 Bxe4 19. Qxe4 c3 20. Qg6+ Qf7 21. Qxf7+ Kxf7 22. f4 e4 23. f5 Bc5 24. Bf4 Rh5 25. b4 Bb6 26. d6 Rxf5 27. d7 Rd8 28. Rd6 Bc7 29. Rd4 Bxf4 30. exf4 Rxf4 31. Rhd1 Ke7 32. Kb1 f5 33. Ka2 Rf2 34. Kb3 Rxg2 35. Rd5 g6 36. Re5+ Kf7 37. Kxc3 Rg3+ 38. Kc4 Rxh3 39. Rc5 Rxa3 40. Rc8 Ke7 41. Rxd8 Kxd8 42. Kc5 Ra6 43. b5 Rf6 44. Kd5 e3 45. Ke5 Rf7 46. Ke6 Re7+ 47. Kf6 Rxd7 48. Re1 f4 49. Kxg6 h3 50. Kf5 Rf7+ 51.
Kg4 h2 52. Kf3 Rh7 53. Rh1 Ke7 54. c4 Kd6 55. c5+ Kxc5 56. Kxf4 e2 57. Ke3 e1=Q+ 58. Rxe1 h1=Q 59. Rc1+ Qxc1+ 60. Kd3 Rh3+ 61. Ke2 Qc2+ 0-1

[Event "Live Chess"]
[Site "Chess.com"]
[Date "2024.06.02"]
[Round "-"]
[White "gobbles19"]
[Black "Plato_77"]
[Result "1-0"]
[WhiteElo "2259"]
[BlackElo "1301"]
[TimeControl "300"]
[EndTime "17:53:25 PDT"]
[Termination "gobbles19 won by resignation"]

1. e4 e6 2. d4 d5 3. Nc3 Bb4 4. e5 c5 5. Bd2 cxd4 6. Nb5 Be7 7.
Qg4 g6 8. Nf3 a6 9. Nbxd4 h5 10.
Qf4 Nc6 11. a3 Qb6 12. Bd3 Nh6 13. O-O Bd7 14. Be3 Nf5 15. Nxf5 Qxb2 16. Nxe7 Nxe7 17. Rfb1 Qc3 18. Bd4 Qc8 19. Qf6 O-O 20. Qxe7 1-0

[Event "Live Chess"]
[Site "Chess.com"]
[Date "2024.06.02"]
[Round "-"]
[White "CarmelJane"]
[Black "MagnersCarlsberg2870"]
[Result "0-1"]
[WhiteElo "2053"]
[BlackElo "1768"]
[TimeControl "300"]
[EndTime "17:53:35 PDT"]
[Termination "MagnersCarlsberg2870 won by resignation"]

1. e4 d6 2. d4 Nf6 3. Nc3 Nbd7 4. Nf3 e5 5. Bc4 h6 6. a4 Be7 7.
O-O g5 8. d5 Nf8 9. a5 Ng6 10.
Bb5+ Bd7 11. Bxd7+ Qxd7 12. a6 b6 13. Qd3 Nf4 14. Bxf4 gxf4 15. Nb5 Rg8 16. Ne1 h5 17. Qc3 Qxb5 18. Qxc7 Nxe4 19. Qb7 Rd8 20. Qxa7 Nc5 21. Nd3 Nxd3 22. cxd3 Qxd3 23. Qxb6 Qh3 24. g3 f3 0-1

[Event "Live Chess"]
[Site "Chess.com"]
[Date "2024.06.02"]
[Round "-"]
[White "MaksymYurii"]
[Black "Duke_of_Bebington"]
[Result "0-1"]
[WhiteElo "970"]
[BlackElo "1617"]
[TimeControl "300"]
[EndTime "17:53:55 PDT"]
[Termination "Duke_of_Bebington won by resignation"]

1. e4 e5 2. Nf3 Nf6 3. Nc3 Nc6 4. Bb5 Nd4 5. Nxd4 exd4 6. Nd5 Nxd5 7. exd5 Be7 8. O-O O-O 9. Re1 c6 10. dxc6 dxc6 11.
Bc4 Bf5 12. d3 a5 13. a4 Qc7 14. b3 Rfe8 15. Ba3 Bxa3 16. Rxe8+ Rxe8 17. Rxa3 Qd6 18. Ra1 Qc5 19. Qd2 Kf8 20. h3 b6 21. Rb1 Qd6 22.
b4 axb4 23. Rxb4 c5 24. Rb5 Bd7 25. Rb1 Bxa4 26. Bb3 Bc6 27. Bc4 Qg6 28. f3 Bxf3 29. Qf2 Ba8 30. Rf1 f6 31. Bb5 Re7 32. Ra1 Bd5 33. Bc4 Qf7 34. Bxd5 Qxd5 35. Ra8+ Qxa8 0-1

[Event "Live Chess"]
[Site "Chess.com"]
[Date "2024.06.02"]
[Round "-"]
[White "TheSmoulderingMaster"]
[Black "e4evr"]
[Result "0-1"]
[WhiteElo "1762"]
[BlackElo "2269"]
[TimeControl "300"]
[EndTime "17:54:05 PDT"]
[Termination "e4evr won by resignation"]

1. e4 d5 2. exd5 Nf6 3. Bb5+ Bd7 4. Bc4 b5 5. Bb3 Bg4 6. f3 Bc8 7. Ne2 Bb7 8. Nf4 Nxd5 9. Nxd5 Bxd5 10. O-O Bxb3 11.
axb3 e6 12. d4 Nc6 13. c3 Be7 14. Qd3 a6 15. Qe4 Qd5 16. Qg4 O-O 17. Bh6 Bf6 18. Nd2 Nxd4 19. cxd4 Qxd4+ 20. Qxd4 Bxd4+ 21. Kh1 gxh6 22.
Ne4 Bxb2 23. Rad1 Rfd8 24. Nc5 Rxd1 25. Rxd1 a5 26. g3 a4 27. bxa4 bxa4 28. Nd3 a3 29. Nxb2 axb2 30. Rb1 Ra1 0-1

[Event "Live Chess"]
[Site "Chess.com"]
[Date "2024.06.02"]
[Round "-"]
[White "KeithArkell"]
[Black "ACM42"]
[Result "1-0"]
[WhiteElo "2429"]
[BlackElo "2176"]
[TimeControl "300"]
[EndTime "17:54:11 PDT"]
[Termination "KeithArkell won by resignation"]

1. d4 Nf6 2. Nf3 g6 3. c4 Bg7 4. g3 O-O 5. Bg2 d6 6. Nc3 c5 7.
dxc5 dxc5 8. O-O Nc6 9. Bf4 Be6 10. Ne5 Nxe5 11. Bxe5 Qb6 12. Qb3 Nd7 13. Bxg7 Kxg7 14. Rfd1 Rfd8 15. Nd5 Bxd5 16. Bxd5 Rab8 17. Bg2 Qc7 18.
Qc3+ Kg8 19. Rd2 Ne5 20. Rad1 Rxd2 21. Rxd2 Nc6 22. Bxc6 Qxc6 23. Qf3 Qc7 24. Qf4 Rc8 25. b3 Qb6 26. Rd7 Qe6 27. Rxb7 Qxe2 28. Qe3 Qd1+ 29.
Kg2 e6 30. Qf3 Qxf3+ 31. Kxf3 a6 32. Rb6 e5 33. Rxa6 f5 34. Ra7 h6 35. g4 Rd8 36.
gxf5 gxf5 37. Re7 e4+ 38. Ke2 Ra8 39. Re5 Rxa2+ 40. Ke3 Rb2 41. Rxf5 Rxb3+ 42. Kxe4 Rb2 43. Ke3 Rb3+ 44. Ke2 Rb2+ 45. Kf1 Rb1+ 46. Kg2 Kg7 47. Rxc5 Rc1 48. h4 Kf6 49. Rc6+ Kf5 50. Kg3 Rc3+ 51. f3 Rc1 52. c5 Rg1+ 53. Kh2 Rc1 54. Rxh6 Rxc5 55.
Rh5+ 1-0

[Event "Live Chess"]
[Site "Chess.com"]
[Date "2024.06.02"]
[Round "-"]
[White "Plato_77"]
[Black "CheckThis4"]
[Result "0-1"]
[WhiteElo "1301"]
[BlackElo "2692"]
[TimeControl "300"]
[EndTime "17:54:45 PDT"]
[Termination "CheckThis4 won by resignation"]

1. d4 Nf6 2. Bf4 c5 3. d5 Qb6 4. Qc1 Nxd5 5. Bg3 d6 6. e4 Nf6 7. Nc3 Nc6 8. Bc4 Qb4 9. Ne2 Qxc4 10. O-O Nd4 0-1

[Event "Live Chess"]
[Site "Chess.com"]
[Date "2024.06.02"]
[Round "-"]
[White "booktrunk"]
[Black "Frankie_Badacsonyi"]
[Result "0-1"]
[WhiteElo "1496"]
[BlackElo "2411"]
[TimeControl "300"]
[EndTime "17:55:08 PDT"]
[Termination "Frankie_Badacsonyi won by resignation"]

1. d4 g6 2. Nc3 Bg7 3. Bf4 c6 4. e3 d5 5. h3 Nf6 6. Nf3 O-O 7. Bd3 c5 8. dxc5 Qa5 9. Qd2 Qxc5 10. Na4 Qc6 11. b3 a6 12. O-O b5 13. Ne5 Qb7 14. Nc5 Qa7 15. b4 Nbd7 16. Nexd7 Nxd7 17.
Nxd7 Bxd7 18. Rab1 Rac8 19. Rfc1 Bc3 20. Qd1 Rfd8 21.
a3 Bf6 22. Qe2 e5 23. Bxg6 hxg6 24. Bg3 Be6 25. Kh1 Rc4 26. Qf3 Bg7 27. Rb3 Rdc8 28. c3 d4 29. exd4 exd4 30. Qe2 dxc3 31. Be5 Bxe5 32. Qxe5 Qd4 33. Qg3 c2 34. Rd3 Qb2 35. Qg5 Rd4 36. Rxd4 Qxd4 37. Qe7 Qd1+ 38. Rxd1 cxd1=Q+ 39. Kh2 Rd8 40. Qf6 Qd6+ 41. g3 Qd4 42.
Qe7 Qxf2+ 0-1

[Event "Live Chess"]
[Site "Chess.com"]
[Date "2024.06.02"]
[Round "-"]
[White "Harry_Li"]
[Black "Tushinskiy"]
[Result "0-1"]
[WhiteElo "2088"]
[BlackElo "2249"]
[TimeControl "300"]
[EndTime "17:55:12 PDT"]
[Termination "Tushinskiy won by resignation"]

1. d4 d5 2. c4 c6 3. Nf3 Nf6 4. Nc3 e6 5. e3 Bd6 6. Bd3 Nbd7 7. e4 dxe4 8. Nxe4 Nxe4 9. Bxe4 Nf6 10. Bc2 Qe7 11. O-O b6 12. Ne5 Bb7 13. Bf4 O-O-O 14. Qe2 h6 15. a4 Bc7 16. Rfd1 g5 17.
Be3 Nd7 18. a5 Nxe5 19. axb6 axb6 20. dxe5 Rxd1+ 21. Bxd1 Rd8 22. Bc2 Qb4 23. b3 Qc3 24.
Rb1 Qxe5 25. Qf3 Qxh2+ 26. Kf1 f5 27. g3 c5 0-1

[Event "Live Chess"]
[Site "Chess.com"]
[Date "2024.06.02"]
[Round "-"]
[White "nigelst"]
[Black "oscalik"]
[Result "0-1"]
[WhiteElo "1729"]
[BlackElo "2284"]
[TimeControl "300"]
[EndTime "17:55:19 PDT"]
[Termination "oscalik won by resignation"]

1. e4 c5 2. Nf3 e6 3. c3 Nf6 4.
e5 Nd5 5. d4 cxd4 6. cxd4 d6 7.
Nc3 Nxc3 8. bxc3 Qc7 9. Bd2 Nd7 10. Bd3 dxe5 11. O-O exd4 12. cxd4 Be7 13. Rc1 Qd6 14.
Qc2 Nf6 15. Qb3 O-O 16. Rc2 Nd5 17. Rfc1 Nf4 18. Bf1 Rd8 19. Qe3 Nd5 20. Qb3 b6 21. Rc6 Qa3 22. Qxa3 Bxa3 23. R1c2 Bb7 24. R6c4 Ba6 25.
Ra4 Bxf1 26. Rxa3 Be2 27. Ne5 Rac8 28. Rxc8 Rxc8 29. h3 f6 30. Ng4 a5 31. Ne3 Kf7 32.
Rb3 a4 33. Rb5 Bxb5 0-1

[Event "Live Chess"]
[Site "Chess.com"]
[Date "2024.06.02"]
[Round "-"]
[White "Thebigsqueeze"]
[Black "WelshTiger"]
[Result "1/2-1/2"]
[WhiteElo "2276"]
[BlackElo "2451"]
[TimeControl "300"]
[EndTime "17:55:19 PDT"]
[Termination "Game drawn by repetition"]

1. d4 d5 2. c4 dxc4 3. Nf3 Nf6 4. g3 c5 5. Qa4+ Nc6 6. dxc5 e6 7. Qxc4 Qa5+ 8. Nc3 Qxc5 9. Qa4 Bd7 10. Be3 Qb4 11.
Qxb4 Bxb4 12. Bg2 Ne4 13. Bd2 Nxd2 14. Nxd2 Nd4 15. Rc1 Bc6 16. Bxc6+ Nxc6 17. a3 Be7 18. O-O O-O-O 19. Rfd1 Kb8 20. e3 Ne5 21. Kf1 Nd3 22.
Rc2 Nc5 23. Ke2 Rd7 24. Nde4 Rxd1 25. Kxd1 Rd8+ 26. Ke2 Nb3 27. Nd2 Nxd2 28. Rxd2 Rxd2+ 29. Kxd2 Kc7 30. Kd3 Kc6 31. Kc4 a6 32. a4 Bf6 33.
b4 Bxc3 34. Kxc3 Kd5 35. Kd3 f5 36. f3 g5 37. h4 h6 38. e4+ fxe4+ 39. fxe4+ Ke5 40. Ke3 b6 41. hxg5 hxg5 42. g4 b5 43. a5 Kd6 44. Kd4 e5+ 45. Kd3 Ke6 46. Ke3 Kd6 47. Kd3 Ke6 48. Ke3 Kd6 49. Kd3 1/2-1/2

[Event "Live Chess"]
[Site "Chess.com"]
[Date "2024.06.02"]
[Round "-"]
[White "Cruiseylee78"]
[Black "PughmanChess"]
[Result "0-1"]
[WhiteElo "1673"]
[BlackElo "1403"]
[TimeControl "300"]
[EndTime "17:55:25 PDT"]
[Termination "PughmanChess won by resignation"]

1. d4 f5 2. Bf4 e6 3. e3 Nf6 4.
Nf3 Be7 5. Bd3 d6 6. Nbd2 O-O 7. c3 b6 8. Qc2 Bb7 9. Rg1 Kh8 10. h3 Nbd7 11. g4 e5 12. dxe5 dxe5 13. Nxe5 Nxe5 14.
Bxe5 fxg4 15. hxg4 Nd7 16. Bd4 Bh4 17. Rg2 Nc5 18.
Rh2 Nxd3+ 19. Qxd3 a5 20. Qc2 Ba6 21. Ne4 c5 22. Be5 Bb7 23. Nd6 Bf3 24. Qb3 Ra7 25.
Nf5 Rxf5 26. gxf5 Qg5 27. Rxh4 Qxh4 28. Qf7 Rxf7 0-1

[Event "Live Chess"]
[Site "Chess.com"]
[Date "2024.06.02"]
[Round "-"]
[White "educatedlad"]
[Black "Dhaydon19"]
[Result "0-1"]
[WhiteElo "1736"]
[BlackElo "2680"]
[TimeControl "300"]
[EndTime "17:55:43 PDT"]
[Termination "Dhaydon19 won by resignation"]

1. d4 e6 2. e4 d5 3. e5 c5 4. c3 Nc6 5. Nf3 Be7 6. Be2 Bf8 7. O-O Nge7 8. Bg5 Qc7 9. Be3 Nf5 10. Bd3 Nxe3 11.
fxe3 Be7 12. Na3 a6 13. Rc1 Bd7 14. h4 h6 15. dxc5 Nxe5 16. Nxe5 Qxe5 17. Qg4 Bxc5 18.
Kh1 g5 19. Nc2 gxh4 20. Qxh4 Qg5 21. Qf2 f5 22. Nd4 Bd6 23. Nf3 Qh5+ 24. Kg1 Rg8 25.
Be2 O-O-O 26. c4 dxc4 27. Rxc4+ Kb8 28. Rfc1 Rc8 29. Rxc8+ Rxc8 30. Rxc8+ Bxc8 31. Nh4 Qg5 32. Nf3 Qg7 33. Bc4 Qc7 34. Bb3 f4 35. exf4 Bc5 36.
Nd4 Qd6 37. Qd2 Bxd4+ 38. Kh1 Qc5 0-1

[Event "Live Chess"]
[Site "Chess.com"]
[Date "2024.06.02"]
[Round "-"]
[White "lyricalschemes"]
[Black "NeilDruggan73"]
[Result "1-0"]
[WhiteElo "2282"]
[BlackElo "1770"]
[TimeControl "300"]
[EndTime "17:56:17 PDT"]
[Termination "lyricalschemes won by resignation"]

1. e4 d6 2. d4 Nf6 3. Nc3 g6 4. Bg5 Bg7 5. Qd2 h6 6. Be3 Ng4 7. Bf4 Nc6 8. h3 Nf6 9. Be3 e5 10. dxe5 Nxe5 11. f4 Nc6 12. Bd3 O-O 13. Nge2 Kh7 14.
O-O Re8 15. Ng3 Nb4 16. Bc4 Be6 17. Bxe6 fxe6 18. a3 Nc6 19. Qd3 e5 20. Rad1 Qe7 21. f5 g5 22. Qe2 Qf7 23. Nd5 Nxd5 24. Rxd5 Ne7 25. f6 Bxf6 26. Nh5 Ng8 27. Qg4 Rf8 28.
Rd2 Qg6 29. Rdf2 Be7 30. Ng3 Rxf2 31. Rxf2 b6 32. Qd7 c5 33. Nf5 Rf8 34. Nxe7 Qg7 35. Rxf8 Nxe7 36. Ra8 Ng6 37. Rxa7 Qxd7 38. Rxd7+ Kg8 39.
Rxd6 Nf4 40. Bxf4 gxf4 41. Rxb6 1-0

[Event "Live Chess"]
[Site "Chess.com"]
[Date "2024.06.02"]
[Round "-"]
[White "ACM42"]
[Black "Queensandpawns"]
[Result "0-1"]
[WhiteElo "2171"]
[BlackElo "2298"]
[TimeControl "300"]
[EndTime "17:56:26 PDT"]
[Termination "Queensandpawns won by resignation"]

1. e4 e5 2. Nf3 Nf6 3. Nxe5 Nc6 4. Nxc6 dxc6 5. e5 Ne4 6. d3 Bc5 7. Qg4 Bxg4 8. f3 Qh4+ 9. g3 Bf2+ 10. Ke2 Nxg3+ 11.
hxg3 Qxh1 12. Kxf2 Qxf3+ 13. Ke1 Qd1+ 14. Kf2 Qxc1 0-1

[Event "Live Chess"]
[Site "Chess.com"]
[Date "2024.06.02"]
[Round "-"]
[White "StoreySniper"]
[Black "dmitro74"]
[Result "0-1"]
[WhiteElo "2509"]
[BlackElo "1722"]
[TimeControl "300"]
[EndTime "17:57:47 PDT"]
[Termination "dmitro74 won by checkmate"]

1. e4 e6 2. Nf3 d5 3. e5 c5 4. b4 c4 5. c3 a6 6. a4 b6 7. d3 cxd3 8. Bxd3 Bb7 9. O-O Ne7 10.
Bg5 Qc7 11. a5 b5 12. Re1 Nbc6 13. Nbd2 Ng6 14. Qe2 Be7 15. Bxe7 Ngxe7 16. Nb3 h6 17. Nc5 Nb8 18. Nd4 Nd7 19. Ncxe6 fxe6 20. Nxe6 Qc6 21.
Qh5+ g6 22. Qxg6+ Nxg6 23. Bxg6+ Ke7 24. Bf5 d4 25. Bh3 dxc3 26. Nd4 Qc4 27. Nf5+ Kd8 28. Nd6 Qc6 29. Rac1 Rg8 30. Ne4 Nxe5 31. Rxc3 Nc4 32. Rd3+ Kc7 33. f3 Rad8 34. Rc3 Kb8 35. Kh1 Qd5 36. Nc5 Qd2 37. Rcc1 Rxg2 38. Bxg2 Bxf3 39. Bxf3 Ne3 40. Nxa6+ Ka7 41. Nc7 Rb8 42. Ne6 Re8 43. Rc7+ Kb8 44. Rb7+ Kc8 45. Rc7+ Kb8 46. a6 Qxe1# 0-1